 Dungeon Crawl Stone Soup version 0.25.1-8-g42b30a86e7 (webtiles) character file.

Game seed: 3374546126792715813

4035 Descartes the Grappler (level 10, -4/127 HPs)
             Began as a Troll Hunter on Dec 18, 2020.
             Slain by a soul eater (12 damage)
             ... on level 1 of the Abyss.
             The game lasted 00:10:27 (5180 turns).

Descartes the Grappler (Troll Hunter)               Turns: 5180, Time: 00:10:28

Health: -4/127     AC: 25    Str: 22    XL:     10   Next: 4%
Magic:  0/9        EV:  1    Int:  7    God:
Gold:   370        SH: 17    Dex: 13    Spells: 9/9 levels left

rFire    . . .     SeeInvis .     - Unarmed
rCold    . . .     Gourm    +   t - +2 tower shield
rNeg     + + +     Faith    .   (armour currently unavailable)
rPois    +         Spirit   +   (helmet currently unavailable)
rElec    .         Reflect  .   (cloak currently unavailable)
rCorr    +         Harm     .   (gloves unavailable)
MR       .....     NoTele   +   (boots unavailable)
Stlth    ++........             i - amulet of guardian spirit
HPRegen  0.71/turn              a - ring of stealth
MPRegen  0.11/turn              A - ring of resist corrosion

@: mighty, tree-form, drained
A: large, unfitting armour, fast metabolism 3, gourmand, regeneration 1
a: no special abilities


You were on level 1 of the Abyss.
You were full.
You were a tree.
You visited 1 branch of the dungeon, and saw 7 of its levels.
You visited the Abyss 1 time.

You collected 370 gold pieces.

Inventory:

Missiles
 c - 5 large rocks (quivered)
 d - 2 throwing nets
 j - 126 arrows
 k - 244 stones
 l - 73 bolts
 q - 5 atropa-tipped darts
 y - 63 poisoned darts
 z - 18 boomerangs
 D - 46 sling bullets
Armour
 b - a +0 robe (melded)
 t - a +2 tower shield (worn)
 E - a scarf of invisibility (melded)
Jewellery
 a - a ring of stealth (left branch)
 i - an amulet of guardian spirit (around neck)
 A - a ring of resist corrosion (right branch)
Wands
 B - a wand of iceblast (10)
Scrolls
 m - 2 scrolls of enchant weapon
 n - 5 scrolls of teleportation
 p - a scroll of fear {unknown}
 r - 2 scrolls of fog {unknown}
 w - 2 scrolls of amnesia {unknown}
 F - a scroll of noise {unknown}
 G - a scroll of enchant armour {unknown}
 I - a scroll of immolation {unknown}
 J - a scroll of remove curse {unknown}
Potions
 e - 2 potions of curing
 g - a potion of haste
 h - 2 potions of mutation {unknown}
 o - a potion of might
 s - 2 potions of heal wounds {unknown}
 u - 2 potions of lignification
 v - a potion of cancellation
 x - a potion of invisibility {unknown}
 C - a potion of degeneration
 H - a potion of magic {unknown}
Comestibles
 f - 12 rations


   Skills:
 - Level 1.5(0.5) Fighting
 - Level 3.6(2.5) Throwing
 - Level 1.5(0.5) Dodging
 - Level 0.3(0.0) Stealth
 + Level 6.8(5.6) Shields
 + Level 11.7(10.3) Unarmed Combat


You had 9 spell levels left.
You didn't know any spells.
Your spell library contained the following spells:

 Spells                   Type           Power        Failure   Level  Hunger
 Animate Skeleton         Necr           N/A          98%         1    ##.....
 Apportation              Tloc           #.....       98%         1    ##.....
 Corona                   Hex            #......      98%         1    ##.....
 Summon Small Mammal      Summ           #...         98%         1    ##.....


Dungeon Overview and Level Annotations

Branches:
Dungeon (7/15)
 Temple: D:4-7

Altars:
Hepliaklqana
Makhleb
Okawaru
Qazlal
Ru
Sif Muna

Portals:
Abyss: D:7


Innate Abilities, Weirdness & Mutations

You are too large for most types of armour.
((You have claws for hands.))
Your metabolism is lightning-fast.
You like to eat raw meat.
Your natural rate of healing is unusually fast.
((You are covered in fur. (AC +1)))
((You have extremely tough skin. (AC +3)))


Message History

You claw the soul eater!
The soul eater is heavily wounded.
The soul eater hits you!
* * * LOW HITPOINT WARNING * * *
You feel drained.
* * * LOW HITPOINT WARNING * * *
You mangle the soul eater!!
The soul eater is severely wounded.
The soul eater hits you!
* * * LOW HITPOINT WARNING * * *
It was a potion of lignification.
You turn into a tree.
Your scarf of invisibility melds into your body.
Your +0 robe melds into your body.
Your roots penetrate the ground.
You block the soul eater's attack.
It was a potion of might.
You feel very mighty all of a sudden. The soul eater hits you.
* * * LOW HITPOINT WARNING * * *
You feel better. The soul eater hits you!
You die...

#.. . .#. .# #..#
.. ...# #. .. # $.
.# ... #...#. #
..# . #..#.# # ...
. # #...♣##..## ..
#.....#3....# ##
#.####..#.........
#.... ..##.## # #
.##..##..... ..
#.#.#.#.# #.### #
.. . ##. ..## # ..
.# ..##. ## .# ..
# . .. . # #


You could see a soul eater.

Vanquished Creatures
  The ghost of Cazemata the Severer, a novice MiBe of Trog (D:7)
  3 yaks (D:6)
  4 humans (D:6)
  A small abomination (D:7)
  An ice beast (D:5)
  An orc warrior (D:6)
  A sky beast (D:6)
  2 phantoms
  A necrophage (D:5)
  An ogre (D:4)
  A centaur (D:6)
  A crocodile (D:6)
  Blork the orc (D:5)
  A bullfrog (D:6)
  4 howler monkeys
  5 crimson imps
  A quasit (Abyss:1)
  3 jellies
  4 orc priests
  A gnoll shaman (D:5)
  2 hounds
  9 orc wizards
  A centaur skeleton (D:6)
  2 iron imps (D:7)
  A bullfrog skeleton (D:6)
  7 worker ants
  A worker ant zombie (D:4)
  3 gnolls (D:5)
  11 adders
  A howler monkey skeleton (D:4)
  An ooze (D:4)
  3 adder skeletons
  A worm (D:3)
  2 dart slugs
  6 leopard geckos
  20 orcs
  3 giant cockroaches
  7 goblins
  2 hobgoblins (D:2)
  11 jackals
  3 quokkas
  3 ball pythons
  5 bats
  2 frilled lizards
  2 jackal skeletons (D:4)
  4 kobolds
  A quokka skeleton (D:4)
  8 rats
160 creatures vanquished.

Vanquished Creatures (others)
  A plant (D:2)
1 creature vanquished.

Grand Total: 161 creatures vanquished

Notes
Turn   | Place    | Note
-------+----------+-------------------------------------------
     0 | D:1      | Descartes the Troll Hunter began the quest for the Orb.
     0 | D:1      | Reached XP level 1. HP: 19/19 MP: 0/0
    79 | D:1      | Reached skill level 1 in Unarmed Combat
   198 | D:1      | Reached XP level 2. HP: 26/27 MP: 1/1
   238 | D:1      | Reached skill level 2 in Unarmed Combat
   754 | D:2      | Reached XP level 3. HP: 33/33 MP: 2/2
   801 | D:2      | Reached skill level 3 in Unarmed Combat
   801 | D:2      | Reached XP level 4. HP: 36/41 MP: 3/3
   999 | D:2      | Reached skill level 4 in Unarmed Combat
  1125 | D:2      | Found a stormy altar of Qazlal.
  1258 | D:2      | Found a hazy altar of Hepliaklqana.
  1824 | D:3      | Reached XP level 5. HP: 45/48 MP: 4/4
  2044 | D:3      | Found a sacrificial altar of Ru.
  2044 | D:3      | Found a shimmering blue altar of Sif Muna.
  2045 | D:3      | Found an iron altar of Okawaru.
  2188 | D:4      | Reached skill level 5 in Unarmed Combat
  2264 | D:4      | Found a burning altar of Makhleb.
  2282 | D:4      | Noticed an ogre
  2283 | D:4      | Noticed a phantom
  2290 | D:4      | Killed an ogre
  2290 | D:4      | Reached skill level 1 in Shields
  2290 | D:4      | Reached XP level 6. HP: 36/55 MP: 2/5
  2329 | D:4      | Reached skill level 6 in Unarmed Combat
  2520 | D:4      | Reached XP level 7. HP: 56/62 MP: 4/6
  2581 | D:4      | Reached skill level 7 in Unarmed Combat
  2887 | D:5      | Entered Level 5 of the Dungeon
  3068 | D:5      | Reached XP level 8. HP: 59/69 MP: 7/7
  3120 | D:5      | Reached skill level 8 in Unarmed Combat
  3419 | D:5      | Noticed Blork the orc
  3427 | D:5      | Killed Blork the orc
  3888 | D:6      | Reached skill level 9 in Unarmed Combat
  3990 | D:6      | Reached skill level 5 in Shields
  3990 | D:6      | Reached XP level 9. HP: 56/75 MP: 4/8
  3992 | D:6      | Reached skill level 10 in Unarmed Combat
  4421 | D:6      | Reached skill level 11 in Unarmed Combat
  5050 | D:7      | Found a transporter.
  5053 | D:7      | Found a one-way gate to the infinite horrors of the Abyss.
  5053 | D:7      | Noticed Cazemata's ghost (novice MiBe)
  5056 | D:7      | Found a transporter.
  5081 | D:7      | Killed Cazemata's ghost
  5081 | D:7      | Reached XP level 10. HP: 79/85 MP: 7/9
  5123 | D:7      | Cast into level 1 of the Abyss (big kobold)
  5146 | Abyss:1  | Noticed a soul eater
  5177 | Abyss:1  | HP: 3/85 [soul eater (15)]
  5179 | Abyss:1  | HP: 1/127 [soul eater (5)]
  5180 | Abyss:1  | Slain by a soul eater

Illustrated notes

Levels and vault maps discovered:
D:1:      nicolae_arrival_memento_mori, layout_basic, hangedman_decor_push
D:2:      layout_loops_cross, nicolae_overflow_crystal_walls, serial_forest,
          infiniplex_forest_lined_3_way, infiniplex_forest_clump_medium,
          infiniplex_forest_lined_corner, infiniplex_forest_end_1,
          infiniplex_forest_end_double, infiniplex_forest_clump_long,
          infiniplex_forest_clump_medium, minmay_misc_feat_x,
          grunt_qazlal_sundering
D:3:      layout_rooms, gammafunk_temple_overflow_forgotten, first_ration
D:4:      layout_cave_pools, overflow_temple_1_default
D:5:      layout_basic, uniq_blork_the_orc
D:6:      layout_cave_pods, grunt_ministairs_13, minmay_ruffians
D:7:      layout_gridville, minmay_temple_entry_grid,
          gammafunk_ghost_abyssal_escape
Abyss:1:  base:
D:7

Skill      XL: |  1  2  3  4  5  6  7  8  9 |
---------------+----------------------------+-----
Unarmed Combat | 1 2 3 4 5 6 7 9 11 | 11.7
Shields        | 1 2 3 5 6 |  6.8
Fighting       | |  1.5
Throwing       | |  3.6
Dodging        | |  1.5
Stealth        | |  0.3

Action                   |  1- 3 |  4- 6 |  7- 9 | 10-12 || total
-------------------------+-------+-------+-------+-------++-------
Melee: Unarmed           |   101 |   149 |   339 |    22 ||   611
       Short sword       |     5 |       |       |       ||     5
  Use: Scroll            |       |       |     4 |       ||     4
       Potion            |       |       |     1 |     3 ||     4
 Stab: Sleeping          |     2 |     1 |     7 |       ||    10
       Distracted        |       |       |     1 |       ||     1
  Eat: Chunk             |    12 |    16 |    22 |       ||    50
Armor: Robe              |    51 |    25 |    73 |     2 ||   151
Dodge: Dodged            |    67 |    33 |    49 |     2 ||   151
Block: Tower shield      |       |   109 |   251 |    15 ||   375
